 Dungeon Crawl Stone Soup version 0.28-a0-1236-gb25a51b929 (webtiles) character file.

Game seed: 18352760597024502448

3466 Adrian566 the Carver (level 9, 0/79 HPs)
             Began as a Pale Draconian Fighter on Dec 25, 2021.
             Was a High Priest of Jiyva.
             Slain by a nine-headed hydra (9 damage)
             ... on level 7 of the Dungeon.
             The game lasted 00:11:50 (5797 turns).

Adrian566 the Carver (Pale Draconian Fighter)       Turns: 5797, Time: 00:11:52

Health: 0/79       AC: 10    Str: 22    XL:     9   Next: 78%
Magic:  6/9        EV: 17    Int:  8    God:    Jiyva [*****.]
Gold:   195        SH:  5    Dex: 14    Spells: 8/8 levels left

rFire   . . .      SeeInvis .   a - +1 long sword
rCold   . . .      Faith    .   b - +0 buckler
rNeg    . . .      Spirit   .   (armour unavailable)
rPois   .          Reflect  .   (helmet restricted)
rElec   .          Harm     .   l - scarf {shadows}
rCorr   +          Rampage  .   (no gloves)
Will    .....                   (no boots)
Stlth   +++.......              (no amulet)
HPRegen 1.67/turn               (no ring)
MPRegen 0.56/turn               (no ring)

@: calling ooze
A: breathe steam, AC +7, unfitting armour, cold-blooded, steam resistance, thin
skeletal structure 1, sense surroundings 1, gelatinous body 3, MP-powered wands
a: Breathe Steam, Renounce Religion, Oozemancy, Slimify


You were on level 7 of the Dungeon.
You worshipped Jiyva.
Jiyva was extremely pleased with you.
You visited 1 branch of the dungeon, and saw 7 of its levels.
You also visited: Ossuary.

You collected 195 gold pieces.

Inventory:

Hand Weapons
 a - a +1 long sword (weapon)
Armour
 b - a +0 buckler (worn)
 l - a scarf of shadows (worn)
Wands
 i - a wand of paralysis (6)
Scrolls
 c - 2 scrolls of immolation
 d - 2 scrolls of fear
 e - 3 scrolls of magic mapping
 f - 4 scrolls of blinking
 g - 2 scrolls of identify
 h - a scroll of fog
 k - a scroll of amnesia
 n - 2 scrolls of enchant weapon
Potions
 j - a potion of lignification
 m - a potion of curing
 o - a potion of magic
 p - a potion of cancellation
 q - a potion of heal wounds


   Skills:
 + Level 7.0 Fighting
 * Level 10.0 Long Blades
 + Level 6.1 Dodging
 + Level 3.7 Stealth
 + Level 5.1 Shields


You had 8 spell levels left.
You didn't know any spells.
Your spell library contained the following spells:

 Spells                   Type           Power      Damage    Failure   Level
 Animate Skeleton         Necr           0%         N/A       41%         1
 Apportation              Tloc           0%         N/A       41%         1
 Summon Small Mammal      Summ           0%         N/A       41%         1


Dungeon Overview and Level Annotations

Branches:
Dungeon (7/15)             Temple (0/1) D:6         Ossuary (visited)

Altars:
Cheibriados
Elyvilon
Hepliaklqana
Okawaru
Qazlal
Ru
Jiyva

Shops:
D:3 =


Innate Abilities, Weirdness & Mutations

You can breathe blasts of scalding, opaque steam.
Your pale cyan-grey scales are hard. (AC +7)
You cannot fit into any form of body armour.
You are cold-blooded and may be slowed by cold attacks.
You are immune to the effects of steam.
You have a somewhat thin skeletal structure. (Dex +2, Stealth+)
You passively map a small area around you.
Your gelatinous body deflects attacks. (AC +3, EV +3)
You expend magic power (3 MP) to strengthen your wands.


Message History

The seven-headed hydra is heavily wounded.
The yak is engulfed in a cloud of scalding steam.
You kill the yak!
The yak is engulfed in a cloud of scalding steam.
The seven-headed hydra bites you but does no damage.
The seven-headed hydra misses you. x2
The seven-headed hydra closely misses you. x2
The seven-headed hydra bites you!
The seven-headed hydra completely misses you.
Your Dodging skill increases to level 6!
You chop one of the seven-headed hydra's heads off!
The six-headed hydra grows two more!
You hit the eight-headed hydra.
The eight-headed hydra is heavily wounded.
You have got your breath back.
The eight-headed hydra barely misses you.
The eight-headed hydra bites you! The eight-headed hydra misses you.
The eight-headed hydra bites you but does no damage.
The eight-headed hydra bites you. x2
The eight-headed hydra barely misses you.
The eight-headed hydra misses you.
You lop one of the eight-headed hydra's heads off!
The seven-headed hydra grows two more!
You hit the nine-headed hydra.
The nine-headed hydra is moderately wounded.
The yak is engulfed in a cloud of scalding steam.
You kill the yak!
Your Fighting skill increases to level 7!
Your Long Blades skill increases to level 10!
Activating: Oozemancy (1% risk of failure)
Press: ? - help, Dir - look around, f - activate Slime begins to ooze from the nearby walls!
The walls burn the nine-headed hydra!
The nine-headed hydra bites you. The nine-headed hydra misses you.
The nine-headed hydra bites you!
* * * LOW HITPOINT WARNING * * *
The nine-headed hydra closely misses you.
You block the nine-headed hydra's attack.
The nine-headed hydra bites you but does no damage.
The nine-headed hydra bites you!
* * * LOW HITPOINT WARNING * * *
The nine-headed hydra bites you!
You die...

#......#
#......' * *
### #......#
,..# #......#
**#.# #......#
#.######
#......# * *
#ยง##...#
#...#### *,
#D##...# #...#
, #@##...##
#...# , *
#..'....# #...#
, ####....#
#...# ,
#....###...####
#..(..........+
,,
#...###########
* , #)..# , * ,
#...# * ,,
#...#


You could see a nine-headed hydra.

Vanquished Creatures
  The ghost of Redcow54321 the Fighter, a novice OgFi (D:4)
  The ghost of r3xj the Skirmisher, an amateur MiFi (D:4)
  3 yaks (D:7)
  A wyvern (D:7)
  Duvessa (D:5)
  An ice beast (D:7)
  A sky beast (D:6)
  2 necrophages
  A centaur (D:6)
  3 ogres
  3 phantoms
  3 elf zombies (Ossuary)
  A kobold brigand (D:7)
  2 scorpions
  2 water moccasin skeletons
  3 killer bees (D:7)
  A bullfrog zombie (D:3)
  3 centaur zombies
  A gnoll shaman (D:6)
  A centaur skeleton (D:7)
  2 hounds (D:6)
  4 human zombies (Ossuary)
  A bullfrog skeleton (D:6)
  A scorpion zombie (D:5)
  2 mummies (Ossuary)
  8 adders
  A white imp (D:5)
  An adder skeleton (D:5)
  2 worms
  2 dart slugs
  3 orcs
  5 ball pythons
  6 bats
  6 endoplasms
  3 giant cockroaches
  4 goblins
  3 hobgoblins (D:1)
  4 quokkas
  5 frilled lizards
  10 kobolds
  9 rats
117 creatures vanquished.

Vanquished Creatures (others)
  The ghost of bearlyready the Vandal, an amateur DsHu (D:4)
  A phantom (D:7)
  Dowan (D:5)
  9 jellies
  3 human zombies (Ossuary)
  An orc priest (D:4)
  A mummy (Ossuary)
  4 gnolls (D:6)
  2 adders
  An ufetubus (D:2)
  An adder skeleton (D:4)
  4 orcs
  2 endoplasms
  3 goblins
  4 hobgoblins
  A quokka skeleton (D:3)
  2 plants (D:1)
  5 toadstools (D:1)
46 creatures vanquished.

Grand Total: 163 creatures vanquished

Notes
Turn   | Place    | Note
-------+----------+-------------------------------------------
     0 | D:1      | Adrian566 the Draconian Fighter began the quest for the
                  | Orb.
     0 | D:1      | Reached XP level 1. HP: 19/19 MP: 1/1
   161 | D:1      | Reached XP level 2. HP: 26/26 MP: 2/2
   504 | D:1      | Reached XP level 3. HP: 33/33 MP: 3/3
  1399 | D:2      | Reached XP level 4. HP: 39/40 MP: 4/4
  1513 | D:2      | Found a faded altar of an unknown god.
  1665 | D:2      | Prayed at the altar of an unknown god.
  1665 | D:2      | Became a worshipper of Jiyva Jaeqosme the Shapeless
  1665 | D:2      | Reached * piety under Jiyva
  2153 | D:3      | Found a snail-covered altar of Cheibriados.
  2392 | D:3      | Reached ** piety under Jiyva
  2606 | D:3      | Reached skill level 3 in Long Blades
  2652 | D:3      | Found Ariladap's One-of-a-Kind Rings.
  2859 | D:4      | Found a stormy altar of Qazlal.
  2866 | D:4      | Found an iron altar of Okawaru.
  2900 | D:4      | Noticed an ogre
  3014 | D:3      | Killed an ogre
  3015 | D:3      | Reached skill level 1 in Stealth
  3015 | D:3      | Reached XP level 5. HP: 46/46 MP: 5/5
  3026 | D:3      | Gained mutation: Your large and strong wings let you fly.
                  | [potion of mutation]
  3026 | D:3      | Gained mutation: You have a somewhat thin skeletal
                  | structure. (Dex +2, Stealth+) [potion of mutation]
  3026 | D:3      | Gained mutation: You passively map a small area around you.
                  | [potion of mutation]
  3076 | D:4      | Reached skill level 4 in Long Blades
  3094 | D:4      | Reached XP level 6. HP: 50/53 MP: 6/6
  3158 | D:4      | Found a runed translucent gate.
  3159 | D:4      | Found a runed translucent gate.
  3160 | D:4      | Found a runed translucent gate.
  3173 | D:4      | Noticed bearlyready's ghost (amateur DsHu)
  3173 | D:4      | Noticed Redcow54321's ghost (novice OgFi)
  3174 | D:4      | Noticed r3xj's ghost (amateur MiFi)
  3186 | D:4      | Reached *** piety under Jiyva
  3810 | D:4      | Killed Redcow54321's ghost
  3811 | D:4      | Reached skill level 5 in Fighting
  3811 | D:4      | Reached skill level 6 in Long Blades
  3811 | D:4      | Your scales start taking on a pale cyan-grey colour.
  3811 | D:4      | Reached XP level 7. HP: 61/61 MP: 7/7
  3811 | D:4      | Gained mutation: You are immune to the effects of steam.
                  | [Pale Draconian growth]
  3812 | D:4      | Killed r3xj's ghost
  3813 | D:4      | Reached XP level 8. HP: 68/68 MP: 8/8
  3815 | D:4      | Killed bearlyready's ghost
  3896 | D:5      | Entered Level 5 of the Dungeon
  3897 | D:5      | Noticed Dowan
  3897 | D:5      | Lost mutation: Your large and strong wings let you fly.
                  | [Jiyva's grace]
  3897 | D:5      | Gained mutation: You expend magic power (3 MP) to
                  | strengthen your wands. [Jiyva's grace]
  3897 | D:5      | Gained mutation: Your rubbery body absorbs attacks. (AC +1,
                  | EV +1) [Jiyva's grace]
  3897 | D:5      | Gained mutation: Your pliable body absorbs attacks. (AC +2,
                  | EV +2) [Jiyva's grace]
  3897 | D:5      | Gained mutation: Your gelatinous body deflects attacks. (AC
                  | +3, EV +3) [Jiyva's grace]
  3951 | D:5      | Noticed Duvessa
  3996 | D:5      | Found a sacrificial altar of Ru.
  4005 | D:5      | Found a hazy altar of Hepliaklqana.
  4055 | D:5      | Reached **** piety under Jiyva
  4066 | D:5      | Reached skill level 7 in Long Blades
  4197 | D:5      | Killed Dowan
  4430 | D:5      | Killed Duvessa
  4431 | D:5      | Reached skill level 5 in Dodging
  4493 | D:6      | Found a sand-covered staircase.
  4499 | Ossuary  | Entered an ossuary
  4628 | Ossuary  | Reached skill level 8 in Long Blades
  4820 | D:6      | Found a staircase to the Ecumenical Temple.
  4912 | D:6      | Reached XP level 9. HP: 69/75 MP: 9/9
  4975 | D:6      | Found a white marble altar of Elyvilon.
  5221 | D:6      | Reached ***** piety under Jiyva
  5426 | D:6      | Reached skill level 9 in Long Blades
  5781 | D:7      | Noticed a six-headed hydra
  5790 | D:7      | Reached skill level 5 in Shields
  5797 | D:7      | Reached skill level 10 in Long Blades
  5797 | D:7      | Slain by a nine-headed hydra

Illustrated notes

Levels and vault maps discovered:
D:1:      ldierk_walled_garden, layout_rooms, serial_curves, eino_curves_03,
          eino_curves_03, chequers_jeans, serial_bayou_pond_b,
          minmay_octomino_c4
D:2:      layout_basic, shapermc_ecumenical_altar_ellora
D:3:      layout_basic, slow_altar_1, nicolae_shop_unique_rings,
          minmay_goblin_outpost
D:4:      layout_basic, nicolae_qazlal_general_emergency, lemuel_crystal_altar,
          gammafunk_ghost_cemetery, grunt_ministairs_7,
          chequers_serial_rivers_small_b, hangedman_decor_push,
          hangedman_decor_peaks_small
D:5:      layout_cave_pools, mainiacjoe_overflow_large_starburst, uniq_duvessa
D:6:      layout_gridville, mainiacjoe_overflow_alcove_2, temple_fountains,
          nicolae_ossuary_entry_monument
D:7:      layout_basic, grunt_gozag_breadcrumbs, kennysheep_nub

Skill      XL: |  1  2  3  4  5  6  7  8  9 |
---------------+----------------------------+-----
Dodging        | 3 4 5 6 |  6.1
Fighting       | 4 5 6 7 |  7.0
Long Blades    | 3 4 6 8 10 | 10.0
Stealth        | 1 2 3 |  3.7
Shields        | 4 5 |  5.1

Action                   |  1- 3 |  4- 6 |  7- 9 || total
-------------------------+-------+-------+-------++-------
Melee: Long sword        |    97 |   106 |   309 ||   512
       Tailslap          |     6 |    11 |    39 ||    56
Invok: Oozemancy         |       |       |     1 ||     1
 Abil: Breathe Steam     |       |       |     6 ||     6
  Use: Scroll            |     3 |     6 |     4 ||    13
       Potion            |       |     7 |     2 ||     9
 Stab: Sleeping          |       |     4 |     3 ||     7
       Distracted        |       |       |     3 ||     3
Armor: Skin              |    37 |    35 |   121 ||   193
Dodge: Dodged            |    78 |    56 |   243 ||   377
Block: Buckler           |    15 |    18 |    78 ||   111

Table legend: (Time is in decaauts)
 A = Elapsed time spent in this place.
 B = Non-inter-level travel time spent in this place.
 C = Inter-level travel time spent in this place.
 D = Time resting spent in this place.
 E = Time spent auto-exploring this place.
 F = Levels seen in this place.
 G = Mean time per level.
                   A        B        C        D        E       F      G
               +--------+--------+--------+--------+--------+-----+--------+
         Total |   5858 |   5529 |    329 |    282 |   4027 |   8 |  732.2 |
       Dungeon |   5596 |   5267 |    329 |    282 |   3948 |   7 |  799.4 |
       Ossuary |    261 |    261 |      0 |      0 |     79 |   1 |  261.0 |
               +--------+--------+--------+--------+--------+-----+--------+

Top non-repeatable levels by time:
     D:2: 1084 daAuts
     D:1: 999 daAuts
     D:4: 940 daAuts
     D:3: 939 daAuts
     D:6: 833 daAuts
     D:5: 594 daAuts
 Ossuary: 261 daAuts
     D:7: 205 daAuts
